AoeStats
← Atomic Kipachaka

Oasis

507178834Analyzed
3v3 RM · 14d ago on Sep 17, 2026· 40m 24s· 6 players
Game mode
Random Map
Map size
Normal (6 player)
Population
200
Speed
Normal
Resources
Standard
Victory
Conquest
Starting age
Dark Age
Ending age
Imperial Age
RankedLock teamsTeams togetherTeam positionsShared explorationLock speedFull tech treeHidden civsTurbo modeCheats
Victory
Defeat
🇨🇱 Britons · Chile
1136
+13
🇨🇱 Mongols · Chile
1103
+14
🇨🇱 Persians · Chile
1098
+14
🇺🇸 Goths · United States
1137
-16
🇺🇸 Italians · United States
1043
-13
🇺🇸 Spanish · United States
1014
-12
Defcon
11:04 Feudal Age
11:35 Loom
13:42 Wheelbarrow
12:52 Horse Collar
13:01 Double-Bit Axe
16:50 Castle Age
16:14 Scale Barding Armor
17:06 Light Cavalry
18:05 Forging
25:57 Chain Barding Armor
27:15 Iron Casting
29:07 Fletching
30:19 Ballistics
32:21 Bodkin Arrow
Atomic Kipachaka
11:07 Feudal Age
15:29 Castle Age
14:54 Double-Bit Axe
19:18 Loom
25:52 Fletching
29:00 Scale Mail Armor
29:48 Bow Saw
32:57 Pikeman
33:37 Squires
33:42 Bodkin Arrow
cm2of4
5:11 Loom
11:25 Feudal Age
15:01 Loom
22:09 Castle Age
21:04 Double-Bit Axe
34:49 Wheelbarrow
37:36 Town Watch
Rosa Mélano
5:43 Loom
8:38 Feudal Age
9:31 Double-Bit Axe
14:59 Fletching
22:18 Castle Age
20:32 Horse Collar
21:29 Padded Archer Armor
21:35 Gold Mining
22:21 Crossbowman
22:59 Bodkin Arrow
24:30 Leather Archer Armor
25:17 Ballistics
25:05 Town Watch
27:07 Wheelbarrow
27:56 Town Patrol
29:34 Hand Cart
33:17 Heavy Plow
35:52 Imperial Age
36:19 Gold Shaft Mining
36:54 Bracer
37:25 Ring Archer Armor
37:59 Chemistry
36:35 Arbalester
37:56 Conscription
39:08 Yeomen
40:18 Warwolf
41:34 Hoardings
Kerry Caverga
5:15 Loom
9:58 Feudal Age
10:42 Double-Bit Axe
15:57 Man-at-Arms
20:29 Horse Collar
21:46 Fletching
23:59 Wheelbarrow
27:30 Castle Age
25:43 Padded Archer Armor
26:05 Scale Barding Armor
26:59 Forging
27:23 Gold Mining
27:33 Crossbowman
29:10 Bodkin Arrow
29:34 Long Swordsman
31:24 Squires
32:52 Heavy Plow
34:20 Bow Saw
35:36 Town Watch
39:41 Imperial Age
37:28 Hand Cart
Larry Kapija
5:49 Loom
8:43 Feudal Age
9:39 Double-Bit Axe
21:12 Castle Age
19:05 Horse Collar
19:19 Gold Mining
20:17 Bloodlines
20:14 Scale Barding Armor
25:40 Chain Barding Armor
25:59 Wheelbarrow
26:20 Forging
30:03 Iron Casting
35:56 Bow Saw
36:29 Hand Cart
39:16 Imperial Age
39:12 Cavalier
39:53 Husbandry
40:31 Plate Barding Armor
41:22 Blast Furnace
Connection lost

Rejoining the realm…

Still unreachable

The connection could not be restored.

Session expired

The server has moved on; the page needs a fresh start.